 Dungeon Crawl Stone Soup version 0.30.1-11-g7821555f0a (webtiles) character file.

Game seed: 7062815142376065505

3201 ChrisAssaf the Caller (level 10, -3/71 HPs)
             Began as a Human Summoner on Dec 19, 2023.
             Was an Elder of Ru.
             Slain by a yak (15 damage)
             ... on level 9 of the Dungeon on Dec 20, 2023.
             The game lasted 00:31:22 (8806 turns).

ChrisAssaf the Caller (Human Summoner)              Turns: 8806, Time: 00:31:23

Health: -3/71      AC:  7    Str: 11    XL:     10   Next: 17%
Magic:  4/16       EV: 13    Int: 21    God:    Ru [****..]
Gold:   95         SH:  0    Dex: 13    Spells: 4/17 levels left

rFire   x . .        d - +1 short sword "Huklueju" {freeze, Int+3}
rCold   x . .        (no shield)
rNeg    . . .        a - +1 robe
rPois   .            (no helmet)
rElec   .            (no cloak)
rCorr   .            (no gloves)
SInv    +            (no boots)
Will    .....        (no amulet)
Stlth   +++          g - +4 ring of protection
HPRegen 0.31/turn    s - ring of see invisible
MPRegen 0.15/turn

%: no passive effects
@: lethally poisoned (-3 -> -6), exhausted, about to teleport, studying Shields
A: inability to use devices, temperature sensitive
a: Renounce Religion, Draw Out Power, Power Leap


You were on level 9 of the Dungeon.
You worshipped Ru.
Ru was greatly pleased with you.
You visited 1 branch of the dungeon, and saw 9 of its levels.

You collected 605 gold pieces.
You spent 510 gold pieces at shops.

Inventory:

Hand Weapons
 d - the +1 short sword "Huklueju" (weapon) {freeze, Int+3}
   (You bought it in a shop on level 8 of the Dungeon)

   Int:       It affects your intelligence (+3).
 h - a +2 quarterstaff
Missiles
 r - a boomerang (quivered)
Armour
 a - a +1 robe (worn)
Jewellery
 g - a +4 ring of protection (left hand)
 s - a ring of see invisible (right hand)
 v - a ring of magical power
Scrolls
 c - 2 scrolls of teleportation
 f - a scroll of fog
 k - a scroll of magic mapping
 n - 4 scrolls of amnesia
 u - 2 scrolls of vulnerability
 x - a scroll of torment
 B - a scroll of summoning
Potions
 b - a potion of magic
 e - 2 potions of lignification
 i - 3 potions of berserk rage
 j - a potion of might
 l - a potion of ambrosia {unknown}
 m - 5 potions of flight
 o - a potion of degeneration
 q - a potion of attraction
 t - 2 potions of cancellation
 w - a potion of brilliance
 z - a potion of heal wounds
Miscellaneous
 p - a piece from Xom's chessboard (15/15)


   Skills:
 * Level 4.1 Fighting
 * Level 3.8 Short Blades
 + Level 4.2 Staves
 * Level 3.9 Throwing
 * Level 3.8 Armour
 * Level 4.8 Dodging
 * Level 4.9 Stealth
 * Level 4.3 Spellcasting
 * Level 1.3 Hexes
 * Level 6.0 Summonings
 * Level 3.6 Air Magic


You had 4 spell levels left.
You knew the following spells:

 Your Spells              Type           Power      Damage    Failure   Level
a - Summon Small Mammal   Summ           100%       N/A       1%          1
b - Call Imp              Summ           60%        N/A       1%          2
c - Call Canine Familiar  Summ           30%        N/A       3%          3
d - Summon Lightning Spi  Summ/Air       24%        N/A       16%         4
e - Summon Guardian Gole  Hex/Summ       20%        N/A       8%          3

Your spell library contained the following spells:

 Spells                   Type           Power      Damage    Failure   Level
 Hailstorm                Conj/Ice       4%         3d4       34%         3
 Volatile Blastmotes      Fire/Tloc      8%         2d10      34%         3
 Fulminant Prism          Conj/Hex       3%         3d5       65%         4
 Ice Form                 Ice/Tmut       4%         N/A       75%         4
 Iskenderun's Mystic Bla  Conj/Tloc      4%         2d3       75%         4
 Lee's Rapid Deconstruct  Erth           2%         3d4*      97%         5
 Simulacrum               Ice/Necr       2%         N/A       100%        6
 Orb of Destruction       Conj           2%         9d5       100%        7
 Spellforged Servitor     Conj/Summ      8%         N/A       100%        7


Dungeon Overview and Level Annotations

Branches:
Dungeon (9/15)             Temple (0/1) D:7
   Lair: D:8-11         Orc: D:9-12

Altars:
Dithmenos
Elyvilon
Ru
Trog
Uskayaw
Xom
Yredelemnul

Shops:
D:3 :*?   D:4 (   D:8 (:=[(

Annotations:
D:7 3 runed translucent doors, caec's ghost, novice DrTm; mangeymoose's ghost, novice MiFi


Innate Abilities, Weirdness & Mutations

You cannot study or use magical devices.
You are sensitive to extremes of temperature. (rF-, rC-)


Message History

Your cerulean imp completely misses the killer bee.
The yak is stunned by your conviction and fails to attack.
You miss the killer bee.
You feel sick.
The killer bee is stunned by your conviction and fails to attack.
Your cerulean imp hits the killer bee but does no damage.
The killer bee stings you!
* * * LOW HITPOINT WARNING * * *
You are more poisoned.
The killer bee poisons you! The yak closely misses you.
You feel much better.
You feel less exhausted.
You feel very sick.
The killer bee stings you but does no damage.
Your cerulean imp hits the killer bee with a -2 spear.
The killer bee closely misses you. The yak gores you!
* * * LOW HITPOINT WARNING * * *
Okay, then.
You feel better. The killer bee stings you.
You are poisoned.
The killer bee poisons you!
Your cerulean imp hits the killer bee but does no damage.
The killer bee closely misses you. The yak gores you!
* * * LOW HITPOINT WARNING * * *
Unknown command.
Aiming: Power Leap
Press: ? - help, Dir - move target, p - yak You can't see any item there.
You kill the killer bee!
You feel very sick.
Your cerulean imp hits the yak but does no damage.
Unknown command.
You completely miss the yak.
You feel sick.
Your cerulean imp barely misses the yak.
You hit the yak but do no damage.
You feel sick. The yak gores you.
* * * LOW HITPOINT WARNING * * *
Your cerulean imp barely misses the yak.
Unknown command.
As you read the scroll of teleportation, it crumbles to dust.
You feel strangely unstable.
You feel sick. The yak gores you!
You die...

###...#........#
.....#..#...#.#
##............## ..
.......#........###..
...##....).......#...#
....<....Y#..Y.....# .
...............#..## ##.
..##......##..5......#
.#..#
...#....#.#...Y@..##..#
...# #.....##.#.......##
..# #..##
.#...#..##.##....#
..##....#
##....##.#.#....#
.......
#.#.....###....## ##...#
.. ####.#.#.†....###.<.#
## #.##))...........##
##.....#....>.....#
.....[.................#


You could see 3 yaks and a friendly cerulean imp (summoned).

Vanquished Creatures
  Grinder (D:5)
  4 yaks
  Edmund (D:5)
  A water moccasin (D:5)
  2 orc warriors
  2 centaurs
  2 kobold brigands (D:8)
  A bullfrog (D:7)
  2 scorpions
  3 wights (D:7)
  7 killer bees
  2 howler monkeys (D:8)
  An orc priest (D:8)
  2 hounds
  6 iguanas
  2 sleepcaps
  3 orc wizards
  5 gnolls
  6 adders
  2 shadow imps
  2 dart slugs
  11 orcs
  An endoplasm (D:4)
  3 giant cockroaches
  8 goblins
  4 hobgoblins
  12 kobolds
  A quokka (D:2)
  3 ball pythons (D:1)
  3 bats
  2 frilled lizards (D:1)
  5 rats
110 creatures vanquished.

Vanquished Creatures (collateral kills)
  An ice beast (D:8)
  A scorpion (D:7)
  A wight (D:7)
  A killer bee (D:9)
  A gnoll bouda (D:6)
  2 orc priests (D:8)
  2 hounds (D:4)
  2 iguanas
  An orc wizard (D:6)
  10 gnolls
  2 adders (D:6)
  An ufetubus (D:5)
  A worm (D:3)
  A dart slug (D:1)
  5 orcs
  A ball python (D:1)
  An endoplasm (D:1)
  2 giant cockroaches
  2 hobgoblins (D:4)
  7 kobolds
  A quokka (D:2)
  2 frilled lizards (D:1)
  2 rats (D:2)
  2 butterflies (D:4)
52 creatures vanquished.

Vanquished Creatures (others)
  A wight (D:7)
  A gnoll (D:6)
  A quokka (D:7)
3 creatures vanquished.

Grand Total: 165 creatures vanquished

Notes
Turn   | Place    | Note
-------+----------+-------------------------------------------
     0 | D:1      | ChrisAssaf the Human Summoner began the quest for the Orb.
     0 | D:1      | Reached XP level 1. HP: 13/13 MP: 3/3
   159 | D:1      | Reached XP level 2. HP: 19/19 MP: 3/5
   162 | D:1      | Learned a level 2 spell: Call Imp
   503 | D:2      | Found a basalt altar of Yredelemnul.
   658 | D:2      | Identified the +1 scale mail "Qawn" {Rampage rCorr}
   707 | D:2      | Reached XP level 3. HP: 15/25 MP: 4/6
   758 | D:2      | Learned a level 3 spell: Call Canine Familiar
   829 | D:3      | Found Ijuoxt's Assorted Antiques.
   868 | D:3      | Bought an emerald potion for 18 gold pieces
   868 | D:3      | Bought a scroll of identify for 42 gold pieces
   868 | D:3      | Bought a scroll labelled KAWULUORHOU for 21 gold pieces
   868 | D:3      | Bought a grey potion for 18 gold pieces
   951 | D:3      | Found Poecsoe's Book Shop.
  1259 | D:3      | Found Kanit's Magic Scroll Shop.
  1323 | D:3      | Found a sacrificial altar of Ru.
  1341 | D:3      | Became a worshipper of Ru the Awakened
  1390 | D:3      | Reached XP level 4. HP: 30/31 MP: 4/7
  1483 | D:3      | Found Ilam's Magic Scroll Shoppe.
  2693 | D:3      | Bought a scroll of identify for 28 gold pieces
  2693 | D:3      | Bought a scroll of identify for 28 gold pieces
  2841 | D:4      | Found a basalt altar of Yredelemnul.
  2854 | D:4      | Reached skill level 1 in Fighting
  2854 | D:4      | Reached skill level 1 in Short Blades
  2854 | D:4      | Reached skill level 1 in Throwing
  2854 | D:4      | Reached XP level 5. HP: 28/37 MP: 4/8
  2893 | D:4      | Found a shimmering altar of Xom.
  2917 | D:4      | Reached skill level 1 in Staves
  2926 | D:4      | Found Niewon's Weapon Shop.
  3031 | D:4      | Reached skill level 1 in Armour
  3051 | D:4      | Gained mutation: You cannot study or use magical devices.
                  | [Ru sacrifice]
  3051 | D:4      | Reached * piety under Ru
  3051 | D:4      | Reached ** piety under Ru
  3154 | D:4      | Found a hide-covered altar of Uskayaw.
  3451 | D:4      | Reached XP level 6. HP: 40/43 MP: 7/9
  3516 | D:4      | Learned a level 4 spell: Summon Lightning Spire
  3729 | D:5      | Entered Level 5 of the Dungeon
  3790 | D:5      | Noticed Edmund
  3817 | D:5      | Killed Edmund
  3818 | D:5      | Reached XP level 7. HP: 24/50 MP: 10/10
  3997 | D:5      | Reached skill level 1 in Air Magic
  4028 | D:5      | Noticed Grinder
  4048 | D:5      | Reached skill level 5 in Summonings
  4064 | D:5      | Killed Grinder
  4065 | D:5      | Reached XP level 8. HP: 23/57 MP: 12/12
  4585 | D:6      | Found a shadowy altar of Dithmenos.
  4647 | D:6      | Learned a level 3 spell: Summon Guardian Golem
  5729 | D:7      | Found a runed translucent gate.
  5729 | D:7      | Found a runed translucent gate.
  5729 | D:7      | Found a runed translucent gate.
  5730 | D:7      | Noticed mangeymoose's ghost (novice MiFi)
  5731 | D:7      | Noticed caec's ghost (novice DrTm)
  5762 | D:7      | Found a bloodstained altar of Trog.
  5894 | D:7      | Gained mutation: You are sensitive to extremes of
                  | temperature. (rF-, rC-) [Ru sacrifice]
  5894 | D:7      | Reached *** piety under Ru
  5894 | D:7      | Reached **** piety under Ru
  6027 | D:7      | Reached XP level 9. HP: 18/60 MP: 14/14
  6220 | D:7      | Found a white marble altar of Elyvilon.
  6601 | D:7      | Found a staircase to the Ecumenical Temple.
  6914 | D:8      | Found Uhoeczom's Weapon Emporium.
  7082 | D:8      | Bought the +1 short sword "Huklueju" {freeze, Int+3} for
                  | 355 gold pieces
  7195 | D:8      | Found Pyoshrea's Book Shop.
  7196 | D:8      | Found Saishaoc's Jewellery Boutique.
  7283 | D:8      | Found Dixyk's Antique Armour Shoppe.
  8078 | D:8      | Found Tabeag's Antique Weapon Shoppe.
  8388 | D:8      | Reached XP level 10. HP: 57/71 MP: 10/16
  8683 | D:9      | Reached skill level 1 in Hexes
  8694 | D:9      | Reached skill level 6 in Summonings
  8806 | D:9      | Slain by a yak

Illustrated notes

Levels and vault maps discovered:
D:1:      sevenhm_arrival_forest_fort_small_1, layout_loops_ring,
          wander_ebering_terrifying_dragon_lair
D:2:      layout_basic, basic_altar, minmay_split_cup_small
D:3:      layout_basic, nicolae_ru_sacrificial_ziggurat, serial_shops, shop,
          nicolae_book_shop_shelving, shop, nicolae_shop_tiny_waterfront
D:4:      layout_cave_pods, xom_butterflies, old_standard_altar,
          nicolae_uskayaw_suspiria, serial_shops, nicolae_stop_n_shop_2
D:5:      layout_cave_pools, uniq_edmund, uniq_grinder
D:6:      layout_basic, mainiacjoe_overflow_alcove_2
D:7:      layout_basic, mainiacjoe_overflow_cross_hatched, elyvilon_altar_4,
          minmay_temple_entry_grid, gammafunk_ghost_cemetery
D:8:      layout_layer_cave, serial_shops, nicolae_shop_getting_attention,
          nicolae_book_shop_shelving, nicolae_shop_waterfront,
          nicolae_shop_stone, nicolae_shop_just_a_little_nook
D:9:      layout_layer_cave, evilmike_ruin_ashenzari, vehumet_crystals,
          dpeg_oklobed_lair, roderic_batcave, grunt_ministairs_13, uniq_grum,
          uniq_erica

Skill      XL: |  1  2  3  4  5  6  7  8  9 10 |
---------------+-------------------------------+-----
Fighting       | 1 2 3 4 |  4.1
Short Blades   | 1 2 3 |  3.8
Throwing       | 1 2 3 |  3.9
Staves         | 1 2 3 4 |  4.2
Armour         | 1 2 3 |  3.8
Stealth        | 3 4 |  4.9
Air Magic      | 1 2 3 |  3.6
Dodging        | 3 4 |  4.8
Summonings     | 5 6 |  6.0
Spellcasting   | 3 4 |  4.3
Hexes          | 1 |  1.3

Action                     |  1- 3 |  4- 6 |  7- 9 | 10-12 || total
---------------------------+-------+-------+-------+-------++-------
  Melee: Short sword       |    22 |       |    40 |    37 ||    99
         Quarterstaff      |    44 |   136 |   210 |       ||   390
  Throw: Throwing net      |     1 |     1 |     1 |       ||     3
         Boomerang         |       |       |    38 |     2 ||    40
   Cast: Summon Small Mamm |     3 |     3 |       |       ||     6
         Call Imp          |     4 |     2 |    20 |     3 ||    29
         Call Canine Famil |     1 |     4 |     5 |       ||    10
         Summon Guardian G |       |       |     2 |       ||     2
         Summon Lightning  |       |       |     2 |     1 ||     3
 Invoke: Sacrifice Artific |       |     1 |       |       ||     1
         Power Leap        |       |       |    10 |     3 ||    13
         Sacrifice Resista |       |       |     1 |       ||     1
    Use: Scroll            |    10 |     8 |     8 |     2 ||    28
         Potion            |       |     2 |     8 |     2 ||    12
   Stab: Sleeping          |     4 |     2 |     2 |       ||     8
         Distracted        |       |     1 |     4 |       ||     5
         Invisible         |       |       |     6 |     1 ||     7
 Armour: Robe              |    25 |    47 |    82 |    11 ||   165
  Dodge: Dodged            |    47 |   107 |   233 |    28 ||   415
